 Dungeon Crawl Stone Soup version 0.30.1-4-g462c640d31 (webtiles) character file.

Game seed: 3217494607670250667

54453 Babbit the Severer (level 14, -25/129 HPs)
             Began as a Minotaur Fighter on Aug 21, 2023.
             Was a High Priest of Okawaru.
             Annihilated by an ettin
             ... wielding a +0 dire flail
              (32 damage)
             ... on level 1 of the Orcish Mines.
             The game lasted 01:19:07 (20268 turns).

Babbit the Severer (Minotaur Fighter)              Turns: 20268, Time: 01:19:09

Health: -25/129    AC: 22    Str: 30    XL:     14   Next: 34%
Magic:  0/14       EV: 14    Int:  2    God:    Okawaru [*****.]
Gold:   1269       SH: 10    Dex: 15    Spells: 13/13 levels left

rFire   x . .        W - +5 scimitar (flame)
rCold   . . .        c - +3 buckler
rNeg    + + +        H - +1 ring mail {Will+}
rPois   +            (helmet restricted)
rElec   .            Q - +2 ratskin cloak {*Rats rPois rN+ Str-1 Int-1 Dex+1}
rCorr   .            a - +1 pair of gloves
SInv    .            O - +2 pair of boots of the Dolphin {Dex+3}
Will    ++...        e - amulet of guardian spirit
Stlth   ++           T - ring "Kimyras" {rPois rF- rN++ Str+6 Int-2}
HPRegen 0.41/turn    p - ring of Zidwex Yll {+Blink AC+4 Slay+6}
MPRegen 0.14/turn

%: guardian spirit
@: about to teleport
A: horns 2, retaliatory headbutt
a: Renounce Religion, Evoke Blink, Heroism, Finesse, Duel


You were on level 1 of the Orcish Mines.
You worshipped Okawaru.
Okawaru was extremely pleased with you.
You visited 4 branches of the dungeon, and saw 18 of its levels.
You also visited: Bailey.

You collected 1549 gold pieces.
You spent 280 gold pieces at shops.

Inventory:

Hand Weapons
 J - a +4 war axe of freezing
 W - a +5 scimitar of flaming (weapon)
 Y - a +6 vampiric executioner's axe
Missiles
 k - 3 javelins
 E - 10 boomerangs (quivered)
Armour
 a - a +1 pair of gloves (worn)
 c - a +3 buckler (worn)
 H - a +1 ring mail of willpower (worn)
 I - the +1 scale mail "Pylivedi" {Dex+5}
   (You found it in a bailey)

   Dex:       It affects your dexterity (+5).
 O - the +2 pair of boots of the Dolphin (worn) {Dex+3}
   (You found it in a bailey)

   Dex:       It affects your dexterity (+3).
 Q - the +2 ratskin cloak (worn) {*Rats rPois rN+ Str-1 Int-1 Dex+1}
   (You found it on level 9 of the Dungeon)

   *Rats:     When the wearer is hurt, rats may emerge from it to assist them.
   Str:       It affects your strength (-1).
   Int:       It affects your intelligence (-1).
   Dex:       It affects your dexterity (+1).
   rPois:     It protects you from poison.
   rN:        It protects you from negative energy.
Jewellery
 e - an amulet of guardian spirit (around neck)
 l - a ring of resist corrosion
 p - the ring of Zidwex Yll (right hand) {+Blink AC+4 Slay+6}
   (You found it on level 5 of the Lair of Beasts)

   [ring of protection]

   AC:        It affects your AC (+4).
   Slay:      It affects your accuracy & damage with ranged weapons and melee
   (+6).
   +Blink:    It lets you blink.
 q - a ring of flight
 t - a +5 ring of evasion
 y - a ring of protection from fire
 D - a +6 ring of strength
 L - an amulet of faith
 T - the ring "Kimyras" (left hand) {rPois rF- rN++ Str+6 Int-2}
   (You took it off a death knight on level 9 of the Dungeon)

   [ring of strength]

   Str:       It affects your strength (+6).
   Int:       It affects your intelligence (-2).
   rF:        It makes you vulnerable to fire.
   rPois:     It protects you from poison.
   rN:        It greatly protects you from negative energy.
Wands
 b - a wand of iceblast (11)
 h - a wand of mindburst (10)
 u - a wand of quicksilver (5)
 K - a wand of paralysis (16)
 R - a wand of flame (3)
 V - a wand of polymorph (3)
Scrolls
 g - 3 scrolls of magic mapping
 m - a scroll of poison
 o - 12 scrolls of teleportation
 v - a scroll of vulnerability {unknown}
 w - 2 scrolls of fear
 z - a scroll of identify
 F - 2 scrolls of fog
 M - 5 scrolls of blinking
 N - a scroll of butterflies {unknown}
Potions
 d - 3 potions of might
 f - 4 potions of resistance
 i - 7 potions of curing
 j - 2 potions of cancellation
 n - 5 potions of brilliance
 r - 2 potions of magic
 x - 3 potions of lignification
 A - a potion of ambrosia
 B - a potion of berserk rage
 G - a potion of invisibility
 P - 3 potions of haste
 U - 2 potions of flight
Miscellaneous
 C - a tin of tremorstones (inert)


   Skills:
 + Level 13.3 Fighting
 + Level 4.5 Long Blades
 + Level 17.5 Axes
 + Level 6.9 Throwing
 + Level 12.2 Armour
 + Level 7.0 Dodging
 + Level 4.3 Stealth
 + Level 11.6 Shields
 + Level 2.1 Invocations
 + Level 2.6 Evocations


You had 13 spell levels left.
You didn't know any spells.
Your spell library contained the following spells:

 Spells                   Type           Power      Damage    Failure   Level
 Beastly Appendage        Tmut           0%         N/A       67%         1
 Magic Dart               Conj           0%         1d3       67%         1
 Necrotise                Necr           0%         1d4       67%         1
 Blink                    Tloc           0%         N/A       82%         2
 Lesser Beckoning         Tloc           0%         N/A       82%         2
 Momentum Strike          Conj/Tloc      0%         3d8       82%         2
 Poisonous Vapours        Pois/Air       0%         N/A       82%         2
 Static Discharge         Conj/Air       0%         2-2/arc   82%         2
 Wereblood                Tmut           0%         N/A       82%         2
 Gell's Gravitas          Tloc           0%         N/A       96%         3
 Inner Flame              Hex/Fire       0%         N/A       96%         3
 Mephitic Cloud           Conj/Pois/Air  0%         N/A       96%         3
 Portal Projectile        Hex/Tloc       0%         N/A       96%         3
 Spider Form              Tmut/Pois      0%         N/A       96%         3
 Teleport Other           Tloc           0%         N/A       96%         3
 Vampiric Draining        Necr           0%         2d6       96%         3
 Volatile Blastmotes      Fire/Tloc      0%         2d10      96%         3
 Airstrike                Air            0%         2d(0-16)  100%        4
 Flame Wave               Conj/Fire      0%         2d4       100%        4
 Fulminant Prism          Conj/Hex       0%         3d5       100%        4
 Iskenderun's Mystic Bla  Conj/Tloc      0%         2d3       100%        4
 Sticky Flame             Conj/Fire      0%         2d3       100%        4
 Agony                    Necr           0%         N/A       100%        5
 Blade Hands              Tmut           0%         N/A       100%        5
 Freezing Cloud           Conj/Ice/Air   0%         6-21      100%        5
 Irradiate                Conj/Tmut      0%         3d11      100%        5
 Lee's Rapid Deconstruct  Erth           0%         3d4*      100%        5
 Dispersal                Tloc           0%         N/A       100%        6
 Dragon Form              Tmut           0%         N/A       100%        7
 Call Imp                 Summ           Unusable   N/A       N/A         2
 Tukima's Dance           Hex            Unusable   N/A       N/A         3
 Animate Dead             Necr           Unusable   N/A       N/A         4
 Summon Ice Beast         Ice/Summ       Unusable   N/A       N/A         4
 Summon Lightning Spire   Summ/Air       Unusable   N/A       N/A         4
 Haunt                    Necr/Summ      Unusable   N/A       N/A         7
 Infestation              Necr           Unusable   N/A       N/A         8
 Summon Horrible Things   Summ           Unusable   N/A       N/A         8

Dungeon Overview and Level Annotations

Branches:
Dungeon (11/15)            Temple (1/1) D:7            Lair (5/5) D:9
 Shoals (0/4) Lair:3       Spider (0/4) Lair:3        Slime (0/5) Lair:4
    Orc (1/2) D:10         Bailey (visited)

Altars:
Ashenzari
Cheibriados
Dithmenos
Elyvilon
Fedhas
Kikubaaqudgha
Nemelex Xobeh
Okawaru
Sif Muna
Uskayaw
Wu Jian
Xom
Yredelemnul
Zin
The Shining One

Shops:
D:3 :   D:8 [

Annotations:
D:11 exclusion: orange crystal statue
Lair:2 exclusion: oklob plant


Innate Abilities, Weirdness & Mutations

You have a pair of horns on your head.
You reflexively headbutt those who attack you in melee.


Message History

You hear a shout!
The orc wizard barely misses you.
An orc comes into view. It is wielding a +0 hand axe.
An ogre comes into view. It is wielding a +0 giant club.
An orc sorcerer comes into view. It is wielding a +0 dagger.
The ettin hits you with a +0 dire flail!!
* * * LOW HITPOINT WARNING * * *
The ettin barely misses you.
Okay, then.
You feel much better.
The orc wizard hits you but does no damage.
You block the ettin's attack.
The ettin hits you with a +0 dire flail!!
* * * LOW HITPOINT WARNING * * *
Okay, then.
You feel much better. The orc wizard casts a spell at you.
You resist with almost no effort. You block the orc's attack.
The orc wizard mumbles some strange words.
The orc wizard flickers and vanishes!
Deactivating autopickup; reactivate with Ctrl-A.
The ettin misses you.
The ettin hits you with a +0 dire flail.
* * * LOW HITPOINT WARNING * * *
You fail to use your ability.
The orc wizard misses you. The orc hits you but does no damage.
The ettin hits you but does no damage. You block the ettin's attack.
The orc attacks as you move away! You block the orc's attack.
The ettin attacks as you move away! The ettin barely misses you.
The ettin hits you with a +0 dire flail!!
* * * LOW HITPOINT WARNING * * *
The orc wizard hits you with a +0 dagger.
* * * LOW HITPOINT WARNING * * *
As you read the scroll of teleportation, it crumbles to dust.
You feel strangely unstable.
The orc wizard hits you with a +0 dagger.
* * * LOW HITPOINT WARNING * * *
The orc misses you.
The ettin hits you with a +0 dire flail!!
You die...

.....#...####.##
.....#....## #...#
....#.....####..##
............#...#
...............##
......#........#
...............#
.....O........##
#$.o.o@....##
>..#.##.oC..##
....##o..##
......).##
.....#...#
....#.#.##
..o......
..C.....##
..o....##


You could see an ettin, an orc sorcerer, an ogre, an orc wizard and 2 orcs.

Vanquished Creatures
  A dire elephant (Lair:5)
  4 hydras
  5 catoblepae
  4 two-headed ogres
  A boulder beetle (Lair:5)
  Erica (D:11)
  A death knight (D:9)
  3 death yaks (Lair:5)
  A pharaoh ant (Lair:3)
  An orc knight (Bailey)
  A cyclops (D:11)
  2 deep elf pyromancers
  3 manticores
  4 black mambas
  2 ugly things
  17 elephants
  Maurice (D:10)
  A gargoyle (D:10)
  Joseph (D:8)
  9 cane toads
  Maggie (D:9)
  3 komodo dragons
  3 rime drakes
  4 kobold demonologists
  A hornet (D:9)
  A tarantella (Lair:3)
  4 trolls
  A polar bear (Lair:4)
  8 blink frogs (Lair:5)
  2 dream sheep (Lair:5)
  2 jumping spiders (Lair:3)
  2 shadows (D:9)
  2 wraiths
  5 wyverns
  40 yaks
  2 basilisks
  4 fire bats (Lair:5)
  4 steam dragons
  7 wargs
  An acid dragon (D:11)
  Duvessa (D:7)
  26 water moccasins
  12 orc warriors
  An ice beast (D:7)
  12 wolves
  6 black bears
  4 centaurs
  7 ogres
  2 phantoms
  5 kobold brigands
  7 bullfrogs
  3 gnoll sergeants
  2 scorpions
  2 two-headed ogre simulacra (D:11)
  18 wights
  Dowan (D:7)
  A killer bee (D:9)
  18 howler monkeys
  4 electric eels
  A lava snake (Lair:5)
  17 orc priests
  8 jellies
  9 hounds
  Crazy Yiuf (D:6)
  7 gnoll boudas
  A sleepcap (D:5)
  An iguana (D:4)
  19 orc wizards
  A spriggan simulacrum (D:11)
  A troll simulacrum (D:11)
  18 gnolls
  A naga simulacrum (D:11)
  23 adders
  4 shadow imps
  2 white imps
  2 worms (D:2)
  2 dart slugs
  65 orcs
  5 ball pythons
  6 endoplasms
  23 goblins
  5 hobgoblins
  3 jackals (D:3)
  3 quokkas
  2 bats
  6 frilled lizards
  26 kobolds
  9 rats
563 creatures vanquished.

Vanquished Creatures (others)
  An orc wizard (D:7)
  An adder (Lair:3)
2 creatures vanquished.

Grand Total: 565 creatures vanquished

Notes
Turn   | Place    | Note
-------+----------+-------------------------------------------
     0 | D:1      | Babbit the Minotaur Fighter began the quest for the Orb.
     0 | D:1      | Reached XP level 1. HP: 19/19 MP: 0/0
   134 | D:1      | Reached XP level 2. HP: 26/26 MP: 1/1
   673 | D:2      | Reached skill level 3 in Axes
   840 | D:2      | Reached XP level 3. HP: 32/33 MP: 2/2
   869 | D:2      | Reached XP level 4. HP: 36/40 MP: 3/3
   959 | D:2      | Identified the +1 robe of the Beggar {rPois rN++ Will-
                  | Int+3}
  1757 | D:3      | Reached skill level 4 in Axes
  1814 | D:3      | HP: 1/40 [orc priest/+0 club (3)]
  1820 | D:3      | Reached XP level 5. HP: 8/46 MP: 4/4
  2016 | D:3      | Noticed a walking crystal tome
  2017 | D:3      | Found Dihachou's Book Shop.
  2018 | D:3      | Noticed a walking frostbound tome
  2126 | D:3      | Got the Treatise on Convocation and Weather
  2390 | D:3      | Reached skill level 5 in Axes
  2390 | D:3      | Reached skill level 5 in Armour
  2590 | D:3      | Found a shimmering blue altar of Sif Muna.
  2913 | D:4      | Reached XP level 6. HP: 53/53 MP: 5/5
  2982 | D:4      | Reached skill level 1 in Dodging
  3018 | D:4      | Reached skill level 6 in Axes
  3143 | D:4      | Reached skill level 5 in Shields
  3143 | D:4      | Reached XP level 7. HP: 18/60 MP: 6/6
  3810 | D:5      | Entered Level 5 of the Dungeon
  3825 | D:5      | Reached skill level 5 in Fighting
  3980 | D:5      | Reached skill level 7 in Axes
  5192 | D:6      | Reached XP level 8. HP: 66/69 MP: 7/7
  5208 | D:6      | Reached skill level 1 in Stealth
  5254 | D:6      | Identified the +2 trident "Hesoduv" {flame, rPois Str+3
                  | Dex+8 Stlth-}
  5346 | D:6      | Reached skill level 8 in Axes
  5424 | D:6      | Found a runed translucent door.
  5425 | D:6      | Noticed Crazy Yiuf
  5431 | D:6      | Killed Crazy Yiuf
  5587 | D:6      | Reached skill level 9 in Axes
  5883 | D:7      | Noticed Duvessa
  5884 | D:7      | Noticed Dowan
  5891 | D:7      | Killed Duvessa
  5900 | D:7      | Killed Dowan
  6044 | D:7      | Reached skill level 1 in Throwing
  6044 | D:7      | Reached XP level 9. HP: 75/75 MP: 8/8
  6086 | D:7      | Noticed a kobold demonologist
  6108 | D:7      | Killed a kobold demonologist
  6109 | D:7      | Reached skill level 10 in Axes
  6365 | D:7      | Reached skill level 11 in Axes
  6801 | D:7      | Reached XP level 10. HP: 86/86 MP: 9/9
  6839 | D:7      | Found a staircase to the Ecumenical Temple.
  6854 | Temple   | Entered the Ecumenical Temple
  6957 | Temple   | Became a worshipper of Warmaster Okawaru
  7136 | D:7      | Reached skill level 12 in Axes
  7748 | D:8      | Noticed a two-headed ogre
  7764 | D:8      | Killed a two-headed ogre
  7764 | D:8      | Reached * piety under Okawaru
  7937 | D:8      | Found Eckon's Antique Armour Shop.
  8017 | D:8      | Found a flagged portal.
  8035 | D:8      | Reached skill level 1 in Evocations
  8046 | Bailey   | Entered a bailey
  8106 | Bailey   | Reached ** piety under Okawaru
  8115 | Bailey   | Found a large runed translucent door.
  8115 | Bailey   | Found a large runed translucent door.
  8115 | Bailey   | Noticed an orc knight
  8147 | Bailey   | Killed an orc knight
  8148 | Bailey   | Reached skill level 13 in Axes
  8266 | Bailey   | Noticed a deep elf pyromancer
  8373 | Bailey   | Killed a deep elf pyromancer
  8382 | Bailey   | Identified the +1 scale mail "Pylivedi" {Dex+5}
  8392 | Bailey   | Identified the +2 pair of boots of the Dolphin {Dex+3}
  8504 | D:8      | Reached XP level 11. HP: 94/94 MP: 10/10
  8564 | D:8      | Noticed Joseph
  8573 | D:8      | Killed Joseph
  8573 | D:8      | Reached *** piety under Okawaru
  9653 | D:3      | Bought a book of Weapons for 280 gold pieces
 10465 | D:9      | Found a staircase to the Lair.
 10523 | D:9      | Reached skill level 14 in Axes
 10525 | D:9      | Noticed a sixfirhy
 10777 | D:9      | Found the +2 ratskin cloak {*Rats rPois rN+ Str-1 Int-1
                  | Dex+1}
 10879 | D:9      | Reached **** piety under Okawaru
 10880 | D:9      | Reached skill level 10 in Armour
 10884 | D:9      | Noticed a deep elf pyromancer
 10896 | D:9      | Killed a deep elf pyromancer
 10899 | D:9      | Noticed a two-headed ogre
 10900 | D:9      | Noticed a catoblepas
 11021 | D:9      | Noticed a catoblepas
 11023 | D:9      | Identified the ring "Kimyras" {rPois rF- rN++ Str+6 Int-2}
 11023 | D:9      | Noticed a death knight
 11024 | D:9      | Noticed a cyan ugly thing
 11028 | D:9      | Found a white marble altar of Elyvilon.
 11033 | D:9      | Killed a catoblepas
 11036 | D:9      | Noticed Maggie
 11046 | D:9      | Killed Maggie
 11285 | D:9      | Killed a two-headed ogre
 11287 | D:9      | Killed a catoblepas
 11502 | D:9      | Killed a cyan ugly thing
 11504 | D:9      | Killed a death knight
 11504 | D:9      | Reached ***** piety under Okawaru
 11505 | D:9      | Reached XP level 12. HP: 63/106 MP: 8/11
 12067 | D:10     | Entered Level 10 of the Dungeon
 12215 | D:10     | Reached skill level 15 in Axes
 12242 | D:10     | Found a staircase to the Orcish Mines.
 12358 | D:10     | Reached skill level 10 in Fighting
 12531 | D:10     | Noticed a two-headed ogre
 12537 | D:10     | Killed a two-headed ogre
 12537 | D:10     | Received a gift from Okawaru
 12790 | D:10     | Noticed Maurice
 12797 | D:10     | Killed Maurice
 13038 | D:11     | Found an ornate altar of the Wu Jian Council.
 13057 | D:11     | Noticed Erica
 13064 | D:11     | Killed Erica
 13065 | D:11     | Reached skill level 1 in Invocations
 13681 | D:11     | Noticed a two-headed ogre
 13688 | D:11     | Killed a two-headed ogre
 13688 | D:11     | Identified the +1 ring mail of the Pleiades {rPois Dex+3}
                  | (Okawaru gifted it to you on level 11 of the Dungeon)
 13688 | D:11     | Received a gift from Okawaru
 13814 | D:11     | Identified the +2 robe "Ileelefo" {Dex+2 SInv}
 14240 | Lair:1   | Entered Level 1 of the Lair of Beasts
 14240 | Lair:1   | You fall into a shaft and drop 1 floor!
 14297 | Lair:2   | Reached skill level 5 in Dodging
 14341 | Lair:1   | Reached skill level 16 in Axes
 14624 | Lair:1   | Identified the +10 whip "Fuqatepp" {freeze, rN+}
 15109 | Lair:1   | Reached skill level 5 in Throwing
 15492 | Lair:2   | Found a blossoming altar of Fedhas.
 15577 | Lair:2   | Noticed an eight-headed hydra
 15588 | Lair:2   | Killed a five-headed hydra
 15662 | Lair:2   | Reached XP level 13. HP: 116/116 MP: 12/12
 15769 | Lair:2   | Reached skill level 1 in Long Blades
 16165 | Lair:3   | Identified the +1 broad axe of Okawaru's Pride {flame,
                  | *Noise +Blink rC+ Int+3} (Okawaru gifted it to you on level
                  | 3 of the Lair of Beasts)
 16165 | Lair:3   | Received a gift from Okawaru
 16420 | Lair:3   | Found a hole to the Spider Nest.
 16838 | Lair:3   | Found a staircase to the Shoals.
 16886 | Lair:3   | Reached skill level 10 in Shields
 17711 | Lair:4   | Received a gift from Okawaru
 17807 | Lair:4   | Found a staircase to the Slime Pits.
 18161 | Lair:5   | Entered Level 5 of the Lair of Beasts
 18355 | Lair:5   | Received a gift from Okawaru
 18483 | Lair:5   | Received a gift from Okawaru
 18806 | Lair:5   | Reached XP level 14. HP: 127/127 MP: 11/14
 18851 | Lair:5   | Reached skill level 17 in Axes
 18851 | Lair:5   | Received a gift from Okawaru
 19149 | Lair:5   | Identified the ring of Zidwex Yll {+Blink AC+4 Slay+6}
 19315 | Lair:5   | Identified the +1 pair of gloves of Refuge {rC+ Int+3
                  | Stlth+} (Okawaru gifted it to you on level 5 of the Lair of
                  | Beasts)
 19315 | Lair:5   | Received a gift from Okawaru
 20219 | Orc:1    | Entered Level 1 of the Orcish Mines
 20264 | Orc:1    | HP: 5/129 [ettin/+0 dire flail (23)]
 20268 | Orc:1    | Annihilated by an ettin

Illustrated notes

Levels and vault maps discovered:
D:1:      heliophobic_arrival_ceremonial_halls, layout_loops_ring,
          minmay_octomino_e4
D:2:      layout_basic
D:3:      layout_loops_corners, nicolae_sif_muna_little_library, serial_shops,
          nicolae_shop_mannequins, st_stairs_12, minmay_misc_feat_alley,
          minmay_door_square, kennysheep_generic_room_10
D:4:      layout_basic, minmay_ogre_servants
D:5:      layout_layer_cave
D:6:      layout_rooms, minivault_11, uniq_crazy_yiuf_cottage
D:7:      lemuel_castle_with_subvaults [lemuel_castle_interior_carwin_2],
          layout_cave_pods, minmay_temple_entry_water_ring, uniq_duvessa
D:8:      layout_layer_cave, enter_bailey_5, grunt_decor_one_mirror,
          nicolae_inconvenience_store, nicolae_two_hexagons, uniq_joseph
D:9:      hangedman_cross_cluster, layout_stronghold, erik_lair_orcish_takeover,
          uniq_maggie
D:10:     layout_roguey, david_orc_1_choice, uniq_maurice
D:11:     layout_long_grid, portal_ice_cave_entry_ice_simulacra, minivault_16,
          nicolae_wu_jian_wuxing_cycle, uniq_erica
Temple:   kilobyte_greek_temple
Lair:1:   statuecave_lemuel, layout_cave_pods, infiniplex_staircase_pool_2
Lair:2:   layout_long_grid, hangedman_tree_tricks,
          eino_small_chamber_without_monster, beast_lair_carwin_3,
          lemuel_fruit_tree
Lair:3:   lemuel_reptile_caves, layout_gridlike, elwin_shoals_entry_rooms,
          nicolae_spider_entry_lesser_pyramids
Lair:4:   layout_gridlike, nicolae_slime_entry_field_trip
Lair:5:   hangedman_lair_in_review, layout_gridlike,
          chequers_serial_rivers_small_b, grunt_megastairs_5,
          serial_bayou_shore_b
Orc:1:    layout_caves, lightli_orcish_oven

Skill      XL: |  1  2  3  4  5  6  7  8  9 10 11 12 13 14 |
---------------+-------------------------------------------+-----
Shields        | 4 5 6 7 8 9 11 | 11.6
Armour         | 4 5 6 7 8 9 10 11 12 | 12.2
Axes           | 3 4 5 6 7 9 11 13 14 16 17 | 17.5
Fighting       | 4 5 6 7 8 9 11 12 13 | 13.3
Dodging        | 1 2 3 4 5 6 7 |  7.0
Stealth        | 1 2 3 4 |  4.3
Throwing       | 1 2 4 5 6 |  6.9
Evocations     | 1 2 |  2.6
Invocations    | 1 2 |  2.1
Long Blades    | 3 4 |  4.5

Action                     |  1- 3 |  4- 6 |  7- 9 | 10-12 | 13-15 || total
---------------------------+-------+-------+-------+-------+-------++-------
  Melee: War axe           |    56 |   124 |   269 |   291 |   338 ||  1078
         Headbutt          |     6 |    14 |    55 |   104 |    94 ||   273
         Hand axe          |       |       |    19 |   244 |       ||   263
         Scimitar          |       |       |       |     7 |    46 ||    53
  Throw: Boomerang         |       |       |    30 |    34 |    38 ||   102
         Javelin           |       |       |       |       |     3 ||     3
 Invoke: Heroism           |       |       |       |     8 |     6 ||    14
  Evoke: Wand              |       |       |       |    12 |       ||    12
         Tin of tremorston |       |       |       |     3 |     2 ||     5
    Use: Potion            |       |     1 |     2 |     1 |     2 ||     6
         Scroll            |       |     3 |     3 |    15 |    12 ||    33
   Stab: Petrified         |       |       |       |     4 |     4 ||     8
         Sleeping          |       |       |       |     1 |       ||     1
         Petrifying        |       |       |       |       |     1 ||     1
 Armour: Scale mail        |    19 |    43 |    74 |   100 |   105 ||   341
         Plate armour      |       |       |    10 |    34 |       ||    44
         Ring mail         |       |       |       |       |     5 ||     5
  Dodge: Dodged            |    31 |    80 |   194 |   317 |   212 ||   834
  Block: Buckler           |    17 |    18 |    70 |   168 |   195 ||   468
